 Dungeon Crawl Stone Soup version 0.31.0-32-g396128a36d (webtiles) character file.

Game seed: 15789084447220952766

95 ChadusMaximus the Caller (level 4, 0/30 HPs)
             Began as a Barachi Summoner on Mar 14, 2024.
             Killed by divine providence
             ... invoked by an orc priest
              (17 damage)
             ... on level 4 of the Dungeon.
             The game lasted 00:02:44 (3054 turns).

ChadusMaximus the Caller (Barachi Summoner)         Turns: 3054, Time: 00:02:45

Health: 0/30       AC:  5    Str:  9    XL:     4   Next: 66%
Magic:  3/8        EV: 12    Int: 18    God:
Gold:   127        SH:  0    Dex: 12    Spells: 3/9 levels left

rFire   . . .        g - +0 sling
rCold   . . .        (no shield)
rNeg    . . .        a - +0 robe
rPois   .            d - +0 helmet
rElec   .            j - +0 cloak
rCorr   .            f - +0 pair of gloves
SInv    .            (no boots)
Will    +....        (no amulet)
Stlth   ++           m - ring of willpower
HPRegen 0.25/turn    (no ring)
MPRegen 0.11/turn

%: no passive effects
@: inugami summoned, slow
A: amphibious, slowness 1, strong legs 1, +LOS
a: Hop


You were on level 4 of the Dungeon.
You visited 1 branch of the dungeon, and saw 4 of its levels.

You collected 127 gold pieces.

Inventory:

Hand Weapons
 e - a +0 short sword
 g - a +0 sling (weapon)
Armour
 a - a +0 robe (worn)
 d - a +0 helmet (worn)
 f - a +0 pair of gloves (worn)
 h - a +0 buckler
 j - a +0 cloak (worn)
Jewellery
 m - a ring of willpower (left hand)
Scrolls
 c - a scroll of identify {unknown}
 i - 2 scrolls of fog {unknown}
 l - a scroll of poison {unknown}
 n - a scroll of noise {unknown}
Potions
 b - 2 potions of magic
 k - a potion of lignification {unknown}


   Skills:
 - Level 2.1 Dodging
 - Level 1.7 Stealth
 + Level 3.2 Spellcasting
 * Level 6.4 Summonings


You had 3 spell levels left.
You knew the following spells:

 Your Spells              Type           Power      Damage    Failure   Level
a - Summon Small Mammal   Summ           100%       N/A       1%          1
b - Call Canine Familiar  Summ           26%        N/A       3%          3
c - Call Imp              Summ           52%        N/A       1%          2

Your spell library contained the following spells:

 Spells                   Type           Power      Damage    Failure   Level
 Necrotise                Necr           8%         1d4       16%         1
 Mercury Vapours          Alch/Air       4%         N/A       24%         2
 Mephitic Cloud           Conj/Alch/Air  2%         N/A       43%         3
 Vampiric Draining        Necr           2%         2d6       43%         3
 Martyr's Knell           Necr/Summ      14%        N/A       38%         4
 Summon Blazeheart Golem  Fire/Summ      14%        N/A       38%         4
 Summon Lightning Spire   Summ/Air       14%        N/A       38%         4
 Vhi's Electric Charge    Tloc/Air       4%         N/A       85%         4
 Arcjolt                  Conj/Air       1%         1d11      99%         5
 Curse of Agony           Necr           2%         N/A       99%         5
 Freezing Cloud           Conj/Ice/Air   1%         6-21      99%         5
 Plasma Beam              Fire/Air       1%         2x1d11    100%        6


Dungeon Overview and Level Annotations

Branches:
Dungeon (4/15)
 Temple: D:4-7

Altars:

Shops:
D:1 [


Innate Abilities, Weirdness & Mutations

You are amphibious.
You cover ground slowly.
You can hop short distances.
You have an extended range of vision and can be seen from far away.


Message History

The orc priest shouts!
An orc priest is nearby!
You shoot a sling bullet. The sling bullet hits the orc priest.
The orc priest is moderately wounded.
An orc comes into view.
It is wielding a +0 short sword of draining.
A giant cockroach comes into view.
The orc moves out of view.
An orc comes into view. It is wielding a +0 flail.
There are monsters nearby!
You shoot a sling bullet.
The sling bullet barely misses the orc priest.
The orc shouts!
The sling bullet hits the giant cockroach.
The giant cockroach is moderately wounded.
A ball python comes into view.
The orc moves out of view.
Casting: Call Imp (safe; 1% risk of failure)
Confirm with . or Enter, or press ? or * to list all spells.
You call for your canine familiar and it appears with a howl!
The ball python hisses angrily.
You hear a shout!
Casting: Call Canine Familiar (dangerous; 3% risk of failure)
Confirm with . or Enter, or press ? or * to list all spells.
A tiny devil pulls itself out of the air.
Unknown command.
Okay, then.
Okay, then.
You swap places.
The orc shouts!
The orc priest calls down the wrath of Beogh upon you.
Beogh smites you!
There is an open door here.
The giant cockroach waves its antennae.
Your cerulean imp hits the orc priest from afar with a -2 spear.
The orc priest hits you with a +0 hand axe.
The orc priest hits your inugami with a +0 hand axe.
Your cerulean imp hits the orc priest from afar with a -2 spear.
The orc priest invokes the aid of Beogh against you.
Beogh smites you!
Ouch! That really hurt!
You die...

#..# #.#.......#
##.##
#..#####.##.######
#.# #<.......##.#
##.# #.#########.#
#..# #.# ##+# #.##
#.# ##...# #.# .#.
##....=## ###.# # #
##..(....## ##.#.#
#.......@.####....##
+......$h.'5.......#
#........o####...#.#
.......oS## ##.##.#
.#..Bo..## ####.#
#.#...# #.# .......
#.# #.....# #.#
.#.... #.#


You could see an orc priest (ally target), 2 orcs, a giant cockroach (ally
target), a ball python, a friendly cerulean imp (summoned) and a friendly
inugami (summoned).

Vanquished Creatures
  An adder (D:2)
  2 dart slugs
  A ribbon worm (D:3)
  An orc (D:3)
  4 ball pythons
  An endoplasm (D:2)
  2 giant cockroaches
  3 goblins
  2 hobgoblins (D:2)
  2 jackals (D:3)
  2 quokkas
  4 bats
  A frilled lizard (D:3)
  4 kobolds
  2 rats (D:2)
32 creatures vanquished.

Vanquished Creatures (collateral kills)
  Terence (D:3)
  A shadow imp (D:3)
  An orc (D:3)
  An endoplasm (D:1)
  A goblin (D:1)
  2 hobgoblins (D:1)
  A kobold (D:1)
  A ball python (D:1)
  2 bats (D:1)
11 creatures vanquished.

Grand Total: 43 creatures vanquished

Notes
Turn   | Place    | Note
-------+----------+-------------------------------------------
     0 | D:1      | ChadusMaximus the Barachi Summoner began the quest for the
                  | Orb.
     0 | D:1      | Reached XP level 1. HP: 13/13 MP: 3/3
   222 | D:1      | Reached skill level 5 in Summonings
   264 | D:1      | Found Vuzaufegg's Armour Shop.
   273 | D:1      | Reached XP level 2. HP: 16/19 MP: 1/5
  1425 | D:2      | Reached XP level 3. HP: 24/24 MP: 7/7
  1429 | D:2      | Learned a level 3 spell: Call Canine Familiar
  1432 | D:2      | Learned a level 2 spell: Call Imp
  2300 | D:3      | Reached skill level 6 in Summonings
  2407 | D:3      | HP: 1/24 [shadow imp (4)]
  2411 | D:3      | Reached XP level 4. HP: 3/30 MP: 4/8
  2621 | D:3      | Noticed Terence
  2640 | D:3      | Killed Terence
  2871 | D:3      | Found a faded altar of an unknown god.
  3054 | D:4      | Killed from afar by an orc priest

Illustrated notes

Levels and vault maps discovered:
D:1:      lemuel_arrival_behind_the_door_large, layout_basic, serial_shops,
          shop, kennysheep_minor_cross, grunt_decor_arrowhead,
          hangedman_decor_push
D:2:      kennysheep_six_static_rooms, layout_basic, serial_glass,
          glass_columns_b, glass_columns_b
D:3:      layout_basic, shapermc_ecumenical_altar_flowoftime, uniq_terence
D:4:      layout_loops_corners, serial_shops, shop,
          hangedman_abyss_or_decor_stabs, minmay_misc_feat_chi,
          minmay_surrounded

Skill      XL: |  1  2  3 |
---------------+----------+-----
Summonings     | 5 6 |  6.4
Spellcasting   | 3 |  3.2
Dodging        | |  2.1
Stealth        | |  1.7

Action                     |  1- 3 |  4- 6 || total
---------------------------+-------+-------++-------
  Melee: Unarmed           |    23 |       ||    23
         Short sword       |    31 |       ||    31
         Punch             |     1 |       ||     1
   Fire: Sling             |    78 |    22 ||   100
   Cast: Summon Small Mamm |    13 |       ||    13
         Call Canine Famil |     1 |     3 ||     4
         Call Imp          |       |     3 ||     3
   Stab: Sleeping          |     3 |       ||     3
 Armour: Robe              |    70 |     8 ||    78
  Dodge: Dodged            |    83 |     6 ||    89
